 Dungeon Crawl Stone Soup version 0.26-a0-597-gb535b0901c (webtiles) character file.

Game seed: 11507256808908528967

(classic levelgen) 364331 EnegeticOcto the Champion of Chaos (level 21, -5/211 HPs)
             Began as a Deep Dwarf Fighter on Aug 28, 2020.
             Was the Champion of Makhleb.
             Slain by an Orb Guardian (31 damage)
             ... on level 3 of the Realm of Zot.
             The game lasted 00:22:29 (16945 turns).

EnegeticOcto the Champion of Chaos (DDFi)          Turns: 16945, Time: 00:22:30

Health: -5/211     AC: 26    Str: 27 (29) XL:     21   Next: 21%
Magic:  15/15 (6)  EV: 11    Int:  5 (10) God:    Makhleb [******]
Gold:   886        SH: 14    Dex:  5 (12) Spells: 20/20 levels left

rFire    + . .     SeeInvis +   K - +8 mithril axe "Arga" {speed, MR+}
rCold    + + .     Faith    +   c - +0 kite shield
rNeg     + + .     Spirit   .   M - +1 storm dragon scales
rPois    +         Reflect  .   S - +0 helmet {SInv}
rElec    +         Harm     .   z - scarf {shadows}
rCorr    .         Rnd*Tele +   n - +2 pair of gloves
MR       +++++                  H - +1 pair of boots
Stlth    ..........             e - amulet of faith
HPRegen  0.00/turn              m - ring of Uskayaw's Castigation {rPois rN+ MR+}
MPRegen  0.14/turn              G - ring "Epan" {rElec rF+ rC++ MP+9 Str+2}

@: non-regenerating, slowed, lightly drained, very slow
A: damage resistance, heal wounds, blurry vision 1, low mp 1, negative energy
resistance 1, sense surroundings 3, teleportitis 1, weak 1, subdued magic 1, no
regeneration
0: Orb of Zot
}: 3/15 runes: serpentine, barnacled, slimy
a: Heal Wounds, Minor Destruction, Lesser Servant of Makhleb, Major Destruction,
Greater Servant of Makhleb, Renounce Religion


You were on level 3 of the Realm of Zot.
You worshipped Makhleb.
Makhleb was exalted by your worship.
You visited 9 branches of the dungeon, and saw 47 of its levels.
You visited the Abyss 1 time.

You collected 3503 gold pieces.
You spent 2617 gold pieces at shops.

Inventory:

Hand Weapons
 a - a +8 broad axe of electrocution
 K - the +8 mithril axe "Arga" (weapon) {speed, MR+}
   (You acquired it on level 2 of the Lair of Beasts)

   Attacks with this weapon are significantly faster.
   It affects your resistance to hostile enchantments.
Armour
 c - a +0 kite shield (worn)
 k - a +0 tower shield
 l - a +0 plate armour of fire resistance
 n - a +2 pair of gloves (worn)
 q - a +1 cloak of stealth
 s - a +1 helmet
 z - a scarf of shadows (worn)
 H - a +1 pair of boots (worn)
 M - +1 storm dragon scales (worn)
 S - a +0 helmet of see invisible (worn)
Jewellery
 e - an amulet of faith (around neck)
 g - a +6 ring of dexterity {unknown}
 m - the ring of Uskayaw's Castigation (left hand) {rPois rN+ MR+}
   (You found it on level 6 of the Dungeon)

   [ring of positive energy]

   It protects you from poison.
   It protects you from negative energy.
   It affects your resistance to hostile enchantments.
 p - the ring of Jouggan {rF+ MP+9 Stlth+}
   (You found it on level 5 of the Pits of Slime)

   [ring of stealth]

   It protects you from fire.
   It affects your magic capacity (+9).
   It makes you more stealthy.
 t - the ring "Uthrowk" {rCorr Str+3 Dex+2}
   (You bought it in a shop on level 2 of the Orcish Mines)

   [ring of resist corrosion]

   It affects your strength (+3).
   It affects your dexterity (+2).
   It provides partial protection from all sources of acid and corrosion.
 G - the ring "Epan" (right hand) {rElec rF+ rC++ MP+9 Str+2}
   (You acquired it on level 3 of the Snake Pit)

   [ring of magical power]

   It affects your strength (+2).
   It protects you from fire.
   It greatly protects you from cold.
   It insulates you from electricity.
   It affects your magic capacity (+9).
 J - the ring of Teasiogi {rPois rF+ rC+ MR- Dex+2}
   (You found it on level 4 of the Shoals)

   [ring of poison resistance]

   It affects your dexterity (+2).
   It protects you from fire.
   It protects you from cold.
   It protects you from poison.
   It affects your resistance to hostile enchantments.
 T - an uncursed ring of positive energy {unknown}
Wands
 B - a wand of digging (9) {@v3}
 E - a wand of iceblast (19) {@v2}
 F - a wand of polymorph (8)
 N - a wand of paralysis (7)
 U - a wand of acid (6) {@v1}
Scrolls
 f - 4 scrolls of fog
 j - 9 scrolls of remove curse {@r2}
 v - a scroll of summoning {unknown}
 D - a scroll of brand weapon
 L - 4 scrolls of holy word
 R - 5 scrolls of identify {@r1}
Potions
 b - 5 potions of heal wounds {@q2}
 d - 2 potions of might {@q3}
 h - 5 potions of stabbing {@q5}
 i - 9 potions of curing {@q1}
 o - a potion of ambrosia
 r - a potion of flight
 C - 2 potions of magic
 P - 2 potions of invisibility
 Q - a potion of berserk rage
Miscellaneous
 y - a box of beasts (3/3)
 I - a tin of tremorstones (3/3)


   Skills:
 * Level 17.7(17.6) Fighting
 - Level 18.0(17.8) Axes
 + Level 16.6(16.4) Armour
 + Level 10.7(10.6) Dodging
 - Level 15.0(14.8) Shields
 * Level 21.4(21.3) Invocations
 - Level 10.0(9.9) Evocations


You had 20 spell levels left.
You didn't know any spells.
Your spell library was empty.

Dungeon Overview and Level Annotations

Branches:
Dungeon (15/15)            Temple (1/1) D:4            Lair (6/6) D:11
 Shoals (4/4) Lair:3        Snake (4/4) Lair:2        Slime (5/5) Lair:6
    Orc (2/2) D:11            Elf (0/3) Orc:2        Depths (5/5) D:15
    Zot (5/5) Depths:5
 Vaults: D:13-14

Altars:
Ashenzari
Elyvilon
Fedhas
Hepliaklqana
Kikubaaqudgha
Makhleb
Nemelex Xobeh
Okawaru
Qazlal
Ru
Sif Muna
Trog
Uskayaw
Wu Jian
Xom
Yredelemnul
Zin
The Shining One
Beogh
Jiyva

Shops:
D:5 !   Orc:2 :[*(   Snake:4 *(:

Portals:
Hell: Depths:1 Depths:2 Depths:5
Trove: D:10 (give +5 demon blade)

Annotations:
D:9 exclusions: ice statue and orange crystal statue
Lair:2 3 runed translucent doors, Soopleu's ghost, journeyman DrTm
Lair:6 1 runed translucent door, 2 exclusions
Depths:1 exclusion: obsidian statue
Zot:2 1 runed translucent door, p0werm0de's ghost, adept MiFi


Innate Abilities, Weirdness & Mutations

You are resistant to damage.
You can heal yourself by infusing magical energy.
You resist negative energy. (rN+)
You passively map a large area around you.
You do not regenerate.
Scrolls take you a little longer to read.
Your magical capacity is low. (-10% MP)
You are occasionally teleported next to monsters.
You are weak. (Str -2)
Your spells are a little easier to cast, but a little less powerful.


Message History

You are too injured to fight recklessly!
You are too injured to fight recklessly!
You are too injured to fight recklessly!
You are too injured to fight recklessly!
You are too injured to fight recklessly!
You are too injured to fight recklessly!
You are too injured to fight recklessly!
You are too injured to fight recklessly!
You are too injured to fight recklessly!
You are too injured to fight recklessly!
You feel much better. The Orb Guardian hits you! x2
You block the storm dragon's attack.
The storm dragon claws you but does no damage.
You block the storm dragon's attack. You block the Orb Guardian's attack.
The Orb Guardian hits you! The storm dragon bites you.
The storm dragon claws you.
The storm dragon tramples you but does no damage.
You feel much better. The Orb Guardian hits you.
You block the Orb Guardian's attack. The storm dragon bites you!
The storm dragon claws you but does no damage.
The storm dragon tramples you but does no damage.
The Orb Guardian hits you!
The Orb Guardian hits you but does no damage.
The Ice Fiend calls on the powers of darkness!
The storm dragon convulses!
The Orb Guardian convulses! x2
Your body is wracked with pain!
* * * LOW HITPOINT WARNING * * *
Your magical essence is drained by the effort!
You feel much better.
The Orb Guardian hits you but does no damage.
The Orb Guardian misses you.
The storm dragon breathes lightning at you.
The bolt of lightning hits you! You resist.
The Ice Fiend calls on the powers of darkness!
The storm dragon convulses!
The Orb Guardian convulses! x2
Your body is wracked with pain!
* * * LOW HITPOINT WARNING * * *
The Orb Guardian hits you but does no damage.
The Orb Guardian hits you!
* * * LOW HITPOINT WARNING * * *
You block the storm dragon's attack.
The storm dragon claws you but does no damage.
You block the storm dragon's attack.
Your magical essence is drained by the effort!
You feel much better. You block the Orb Guardian's attack.
The Orb Guardian hits you! You block the storm dragon's attack.
The storm dragon claws you but does no damage.
You block the storm dragon's attack. The Orb Guardian hits you!
* * * LOW HITPOINT WARNING * * *
The Orb Guardian hits you.
The storm dragon breathes lightning at you.
The bolt of lightning hits you! You resist.
* * * LOW HITPOINT WARNING * * *
The Orb Guardian hits you but does no damage.
Okay, then.
You feel much better. The Orb Guardian hits you!!
* * * LOW HITPOINT WARNING * * *
The storm dragon bites you.
* * * LOW HITPOINT WARNING * * *
The storm dragon claws you.
* * * LOW HITPOINT WARNING * * *
You block the storm dragon's attack. The Orb Guardian hits you!
* * * LOW HITPOINT WARNING * * *
The Ice Fiend claws you but does no damage.
The Ice Fiend claws you. The Ice Fiend freezes you! You resist.
* * * LOW HITPOINT WARNING * * *
The Orb Guardian hits you!
* * * LOW HITPOINT WARNING * * *
You block the storm dragon's attack.
The storm dragon claws you but does no damage.
You block the storm dragon's attack. The Orb Guardian barely misses you.
The Ice Fiend claws you!
* * * LOW HITPOINT WARNING * * *
The Ice Fiend freezes you! You resist.
* * * LOW HITPOINT WARNING * * *
The Ice Fiend closely misses you.
You feel much better. The Orb Guardian hits you!!
* * * LOW HITPOINT WARNING * * *
You block the Orb Guardian's attack.
The storm dragon bites you but does no damage.
The storm dragon closely misses you. You block the storm dragon's attack.
The Orb Guardian hits you but does no damage.
The Ice Fiend calls on the powers of darkness!
The Orb Guardian convulses!
The storm dragon convulses!
Your body is wracked with pain!
* * * LOW HITPOINT WARNING * * *
The Orb Guardian convulses!
The Orb Guardian hits you but does no damage.
The storm dragon breathes lightning at you.
The bolt of lightning hits you! You resist.
* * * LOW HITPOINT WARNING * * *
You block the Orb Guardian's attack.
You feel much better. The Orb Guardian hits you!
* * * LOW HITPOINT WARNING * * *
You block the Orb Guardian's attack. You block the Ice Fiend's attack. x2
The storm dragon bites you but does no damage.
The storm dragon claws you but does no damage.
The storm dragon tramples you but does no damage.
The Orb Guardian hits you!!
You die...

,
#.........
,
#.........
....., * *
*
######.....
, *
#........#*
#........#
,
#........#
, * , *
#........#
* , ,
#.1XD....#
,, , , ,,,,
, *
#..@X....#
, , ,,, *
#........#
*, , , , *
#........#
, ,,
#........#
*, ,, ,*
#......>.#
,, * ,,
#........#
* ,, *,, ,
#....#####
* * , ,
#....* * ,
.....


You could see a storm dragon (catching breath), an Ice Fiend and 2 Orb
Guardians.

Vanquished Creatures
  the Royal Jelly (Slime:5)
  An ancient lich (Zot:5)
  A juggernaut (Depths:5)
  A Killer Klown (Zot:4)
  the Enchantress (Depths:1)
  3 golden dragons
  Rupert (Lair:5)
  5 tentacled monstrosities
  13 Orb Guardians (Zot:5)
  A quicksilver dragon (Zot:2)
  22 acid blobs
  A sphinx (Depths:2)
  5 death cobs
  Kirke (Lair:6)
  3 storm dragons
  2 tengu reavers
  5 shadow dragons (Zot:3)
  5 draconian monks
  7 nagarajas (Snake:4)
  7 azure jellies (Slime:5)
  3 fire giants
  A draconian scorcher (Zot:4)
  Aizul (Snake:3)
  4 frost giants
  2 draconian shifters (Zot:2)
  2 draconian annihilators
  2 draconian stormcallers
  11 stone giants
  12 very ugly things
  2 war gargoyles (Depths:3)
  3 spriggan defenders (Depths:1)
  A green draconian (Zot:3)
  2 entropy weavers (Lair:4)
  5 purple draconians
  6 white draconians
  Nessos (D:15)
  4 black draconians
  A spark wasp (Depths:2)
  4 red draconians
  14 yellow draconians
  5 ettins
  9 death oozes (Slime:5)
  3 merfolk impalers
  10 fire dragons
  4 rakshasas
  7 ice dragons
  8 great orbs of eyes
  5 yaktaur captains
  A hell beast (Zot:4)
  4 hydras
  9 naga warriors
  2 spriggan air magi
  A merfolk avatar (Shoals:4)
  2 centaur warriors (Depths:2)
  3 anacondas (Snake:4)
  6 tengu warriors
  3 merfolk aquamancers (Shoals:4)
  4 ogre magi
  13 two-headed ogres
  2 deep troll earth magi
  A deep troll shaman (Depths:2)
  7 death yaks (D:11)
  11 naga sharpshooters
  A soul eater (Depths:3)
  7 spriggan berserkers
  A shock serpent (Snake:3)
  A hell knight (Depths:2)
  A skeletal warrior (Depths:3)
  3 shadow wraiths (Depths:3)
  A spectral anaconda (Depths:3)
  A death drake (Depths:3)
  2 iron trolls
  3 glowing orange brains
  13 sea snakes
  4 deep trolls
  An orc knight (Orc:2)
  2 flayed ghosts (Depths:3)
  A wizard (D:15)
  2 deep elf magi
  5 naga ritualists (Snake:4)
  Pikel (D:6)
  2 phantasmal warriors (Depths:3)
  5 harpies (Shoals:1)
  3 shining eyes
  3 oklob plants (Zot:2)
  27 ugly things
  An orb spider (shapeshifter) (Depths:5)
  2 fauns (Shoals:1)
  A necromancer (Depths:1)
  7 mana vipers
  A frost giant zombie (Depths:1)
  8 orc sorcerers
  A salamander (Snake:4)
  A cyclops (D:15)
  8 moths of wrath
  5 manticores
  13 black mambas
  15 naga magi
  3 merfolk sirens
  2 water nymphs
  2 eyes of devastation
  A guardian serpent (Snake:3)
  A torpor snail (Lair:6)
  2 gargoyles (D:15)
  10 yaktaurs
  4 cane toads
  6 komodo dragons
  2 rime drakes
  A komodo dragon (shapeshifter) (Depths:3)
  4 tengu conjurers
  6 meliai (D:15)
  3 polar bears (Lair:2)
  8 merfolk
  4 trolls
  Grinder (D:4)
  58 slime creatures
  A hornet (D:12)
  11 blink frogs
  A raiju (Depths:3)
  A meliai zombie (D:11)
  4 hippogriffs
  7 dream sheep (Lair:6)
  2 spriggan zombies (Depths:1)
  5 spriggans
  3 shadows
  3 wraiths (Depths:3)
  A vampire (D:14)
  12 yaks
  2 wyverns (D:15)
  2 hogs (Lair:6)
  6 basilisks
  12 water elementals
  5 golden eyes (Slime:4)
  A spriggan simulacrum (Depths:1)
  23 nagas
  8 wargs
  An acid dragon (Lair:6)
  9 water moccasins
  3 hydra simulacra (Depths:3)
  7 hell hounds (Depths:3)
  7 porcupines
  8 soldier ants (Lair:4)
  3 floating eyes
  A swamp drake (Lair:6)
  A hornet zombie (D:15)
  15 orc warriors
  3 black bears
  An ice beast (D:15)
  3 sky beasts
  A tengu (Lair:1)
  20 wolves
  9 ogres
  2 eyes of draining
  An ogre (shapeshifter) (D:15)
  A boggart (Depths:1)
  8 centaurs
  11 crocodiles
  A lemure (D:6)
  A gnoll sergeant (D:8)
  3 big kobolds
  6 bullfrogs
  A wyvern skeleton (D:11)
  3 wyvern zombies
  A water moccasin zombie (D:11)
  A scorpion (D:10)
  13 killer bees
  4 electric eels
  20 wights
  6 howler monkeys
  3 centaur zombies
  A quasit (D:15)
  2 bullfrog zombies (D:11)
  15 orc priests
  2 bullfrog skeletons
  5 hounds
  33 jellies
  12 orc wizards
  2 centaur skeletons
  5 iguanas
  5 hell rats (Lair:2)
  13 worker ants
  3 hound skeletons
  9 gnolls
  7 adders
  10 river rats (Lair:2)
  2 shadow imps
  3 white imps
  An ufetubus (D:8)
  15 oozes
  An adder skeleton (D:9)
  A worm (D:5)
  A dart slug (D:4)
  5 leopard geckos
  53 orcs
  2 ball pythons
  4 bats
  3 giant cockroaches
  4 goblins
  5 hobgoblins
  4 jackals
  16 kobolds
  4 quokkas
  A frilled lizard (D:3)
  A leopard gecko zombie (D:7)
  5 rats
1101 creatures vanquished.

Vanquished Creatures (collateral kills)
  Saint Roka (Orc:2)
  4 acid blobs
  A draconian monk (Zot:2)
  A draconian knight (Zot:2)
  A draconian annihilator (Zot:2)
  3 yellow draconians (Zot:2)
  A death ooze (Slime:5)
  2 orc high priests (Orc:2)
  Urug (Orc:2)
  An orc knight (Orc:2)
  A shining eye (Slime:4)
  2 naga magi (Snake:4)
  2 slime creatures (Slime:5)
  A naga (Snake:4)
  3 wargs (Orc:2)
  A water moccasin (Lair:1)
  6 orc warriors (Orc:2)
  An ogre (Orc:2)
  A jelly (Zot:2)
  3 orc priests (Orc:2)
  3 orc wizards (Orc:2)
  4 orcs (Orc:2)
44 creatures vanquished.

Vanquished Creatures (others)
  4 draconian stormcallers (Zot:5)
  A draconian shifter (Zot:5)
  A white draconian (Zot:5)
  A yellow draconian (Zot:5)
  A merfolk aquamancer (Shoals:1)
  A vampire mage (Depths:2)
  A deep troll shaman (Depths:5)
  A water nymph (Shoals:1)
  A wraith (Depths:3)
  A crocodile (Lair:6)
  A jelly (Zot:2)
  18 fungi
  93 plants
125 creatures vanquished.

Grand Total: 1270 creatures vanquished

Notes
Turn   | Place    | Note
-------+----------+-------------------------------------------
     0 | D:1      | EnegeticOcto the Deep Dwarf Fighter began the quest for the
                  | Orb.
     0 | D:1      | Reached XP level 1. HP: 20/20 MP: 1/1
   107 | D:1      | Reached XP level 2. HP: 25/27 MP: 2/2
   423 | D:3      | Reached XP level 3. HP: 22/33 MP: 3/3
   465 | D:3      | Reached XP level 4. HP: 38/42 MP: 4/4
   581 | D:4      | Found a sacrificial altar of Ru.
   645 | D:4      | Reached XP level 5. HP: 40/49 MP: 5/5
   676 | D:4      | Found a staircase to the Ecumenical Temple.
   698 | Temple   | Entered the Ecumenical Temple
   877 | Temple   | Became a worshipper of Makhleb the Destroyer
  1078 | D:4      | Noticed Grinder
  1096 | D:4      | Killed Grinder
  1096 | D:4      | Reached skill level 5 in Axes
  1096 | D:4      | Reached skill level 2 in Invocations
  1096 | D:4      | Reached XP level 6. HP: 32/57 MP: 5/7
  1452 | D:5      | Entered Level 5 of the Dungeon
  1500 | D:5      | Reached XP level 7. HP: 46/63 MP: 8/8
  1682 | D:5      | Found a bloodstained altar of Trog.
  1696 | D:5      | Found Muibut's Distillery.
  1706 | D:5      | Bought a potion of cancellation for 96 gold pieces
  1828 | D:5      | Reached skill level 5 in Shields
  2024 | D:6      | Identified 2 scrolls of acquirement
  2024 | D:6      | Acquired 1320 gold pieces
  2026 | D:6      | Acquired a +2 broad axe of freezing
  2052 | D:6      | Noticed Pikel
  2060 | D:6      | Reached * piety under Makhleb
  2060 | D:6      | Reached skill level 5 in Armour
  2062 | D:6      | Killed Pikel
  2062 | D:6      | Reached skill level 3 in Invocations
  2062 | D:6      | Reached XP level 8. HP: 37/73 MP: 10/10
  2144 | D:6      | Got a translucent wooden ring
  2214 | D:6      | Identified the ring of Uskayaw's Castigation {rPois rN+
                  | MR+} (You found it on level 6 of the Dungeon)
  2494 | D:7      | Reached skill level 4 in Invocations
  2987 | D:8      | Found an iron altar of Okawaru.
  3109 | D:8      | Reached skill level 5 in Fighting
  3110 | D:8      | Reached skill level 5 in Invocations
  3737 | D:9      | Reached ** piety under Makhleb
  3737 | D:9      | Gained mutation: You passively map the area around you.
                  | [Deep Dwarf growth]
  3737 | D:9      | Reached XP level 9. HP: 75/81 MP: 11/11
  3960 | D:9      | Reached skill level 6 in Invocations
  3984 | D:9      | Noticed an ice statue
  4024 | D:9      | Noticed an orange crystal statue
  4025 | D:9      | Noticed a troll
  4562 | D:10     | Entered Level 10 of the Dungeon
  4634 | D:10     | Reached *** piety under Makhleb
  4762 | D:10     | Reached XP level 10. HP: 91/91 MP: 14/14
  4783 | D:10     | Reached skill level 7 in Invocations
  4794 | D:10     | Reached skill level 10 in Axes
  4978 | D:10     | Found a portal to a secret trove of treasure.
  5020 | D:10     | Reached **** piety under Makhleb
  5123 | D:11     | Noticed a brown ugly thing
  5133 | D:11     | Killed a brown ugly thing
  5133 | D:11     | Reached skill level 8 in Invocations
  5184 | D:11     | Noticed a two-headed ogre
  5191 | D:11     | Killed a two-headed ogre
  5203 | D:11     | Reached XP level 11. HP: 90/100 MP: 16/16
  5392 | D:11     | Noticed a death yak
  5392 | D:11     | Noticed a death yak
  5392 | D:11     | Noticed a death yak
  5393 | D:11     | Noticed a death yak
  5396 | D:11     | Noticed a death yak
  5399 | D:11     | Noticed a death yak
  5399 | D:11     | Noticed a death yak
  5401 | D:11     | Killed a death yak
  5401 | D:11     | Reached ***** piety under Makhleb
  5403 | D:11     | Killed a death yak
  5407 | D:11     | Killed a death yak
  5442 | D:11     | Killed a death yak
  5442 | D:11     | Reached skill level 9 in Invocations
  5453 | D:11     | Killed a death yak
  5465 | D:11     | Killed a death yak
  5479 | D:11     | Killed a death yak
  5529 | D:11     | Found a staircase to the Lair.
  5665 | D:11     | Found a staircase to the Orcish Mines.
  5775 | Orc:1    | Entered Level 1 of the Orcish Mines
  5776 | Orc:1    | Noticed an orc sorcerer
  5791 | Orc:1    | Killed an orc sorcerer
  5864 | Orc:2    | Entered Level 2 of the Orcish Mines
  5901 | Orc:2    | Noticed an orc sorcerer
  5908 | Orc:1    | Killed an orc sorcerer
  5943 | Orc:2    | Noticed an orc knight
  5948 | Orc:2    | Reached XP level 12. HP: 110/110 MP: 13/13
  5951 | Orc:2    | Noticed an orc high priest
  5953 | Orc:2    | Reached skill level 10 in Invocations
  5960 | Orc:2    | Killed an orc high priest
  6056 | Orc:2    | Noticed an orc high priest
  6071 | Orc:2    | Killed an orc high priest
  6100 | Orc:2    | Noticed Saint Roka
  6109 | Orc:2    | Noticed a balrug
  6122 | Orc:2    | Noticed Urug
  6134 | Orc:2    | Killed Saint Roka
  6134 | Orc:2    | Reached skill level 10 in Armour
  6134 | Orc:2    | Reached skill level 10 in Shields
  6140 | Orc:2    | Killed Urug
  6150 | Orc:2    | Found a roughly hewn altar of Beogh.
  6186 | Orc:2    | Found Dusogamu's General Store.
  6295 | Orc:2    | Found a staircase to the Elven Halls.
  6320 | Orc:2    | Reached skill level 11 in Invocations
  6418 | Orc:2    | Found Zanaick's Book Boutique.
  6432 | Orc:2    | Found Irabbe Gyga's Antique Weapon Boutique.
  6449 | Orc:2    | Found Haes's Antique Armour Boutique.
  6456 | Orc:2    | Bought a runed cloak for 180 gold pieces
  6456 | Orc:2    | Bought a runed helmet for 180 gold pieces
  6499 | Orc:2    | Bought the ring "Uthrowk" {rCorr Str+3 Dex+2} for 487 gold
                  | pieces
  6566 | Lair:1   | Entered Level 1 of the Lair of Beasts
  6591 | Lair:1   | Noticed a six-headed hydra
  6674 | Lair:1   | Killed a ten-headed hydra
  6691 | Lair:1   | Noticed a five-headed hydra
  6712 | Lair:1   | Killed a 14-headed hydra
  6747 | Lair:1   | Reached XP level 13. HP: 117/120 MP: 13/13
  6785 | Lair:1   | Noticed Sonja
  6787 | Lair:1   | Noticed Sonja
  6787 | Lair:1   | Sonja changed into Sonja the spriggan
  6800 | Lair:1   | Killed Sonja the spriggan
  6856 | Lair:1   | Found a gate leading to a gauntlet.
  7462 | Lair:2   | Acquired the +8 mithril axe "Arga" {speed, MR+}
  7463 | Lair:2   | Found the +8 mithril axe "Arga" {speed, MR+}
  7636 | Lair:2   | Reached skill level 1 in Evocations
  7652 | Lair:2   | Found a staircase to the Snake Pit.
  7652 | Lair:2   | Found a runed translucent gate.
  7668 | Lair:2   | Found a runed translucent gate.
  7668 | Lair:2   | Noticed Soopleu's ghost (journeyman DrTm)
  7669 | Lair:2   | Found a runed translucent gate.
  8038 | Orc:2    | Bought +1 storm dragon scales for 1131 gold pieces
  8169 | Lair:3   | Found a staircase to the Shoals.
  8448 | Lair:4   | Noticed an entropy weaver
  8449 | Lair:4   | Noticed an entropy weaver
  8460 | Lair:4   | Killed an entropy weaver
  8549 | Snake:1  | Entered Level 1 of the Snake Pit
  8615 | Snake:3  | Noticed Aizul
  8651 | Snake:3  | Killed Aizul
  8678 | Snake:3  | Acquired the ring "Epan" {rElec rF+ rC++ MP+9 Str+2}
  8698 | Snake:3  | Reached ****** piety under Makhleb
  8876 | Snake:3  | Reached skill level 12 in Invocations
  8912 | Snake:3  | Reached skill level 10 in Fighting
  8955 | Snake:4  | Entered Level 4 of the Snake Pit
  9017 | Snake:4  | Noticed a nagaraja
  9019 | Snake:4  | Found Cesuhik's Weapon Shoppe.
  9032 | Snake:4  | Killed a nagaraja
  9033 | Snake:4  | Found Fioneff's Book Emporium.
  9056 | Snake:4  | Gained mutation: You resist negative energy. (rN+) [Deep
                  | Dwarf growth]
  9056 | Snake:4  | Reached XP level 14. HP: 125/132 MP: 15/15
  9067 | Snake:4  | Reached skill level 15 in Axes
  9074 | Snake:4  | Reached skill level 5 in Evocations
  9117 | Snake:4  | Noticed a nagaraja
  9134 | Snake:4  | Killed a nagaraja
  9183 | Snake:4  | Found Peni's Assorted Antiques.
  9207 | Snake:4  | Bought a scroll of blinking for 195 gold pieces
  9557 | Snake:4  | Noticed a balrug
  9559 | Snake:4  | Noticed a nagaraja
  9563 | Snake:4  | Noticed a nagaraja
  9568 | Snake:4  | Noticed a nagaraja
  9571 | Snake:4  | Killed a nagaraja
  9577 | Snake:4  | Killed a nagaraja
  9577 | Snake:4  | Killed a nagaraja
  9577 | Snake:4  | Reached skill level 13 in Invocations
  9582 | Snake:4  | Noticed a nagaraja
  9585 | Snake:4  | Noticed a nagaraja
  9595 | Snake:4  | Reached XP level 15. HP: 135/142 MP: 16/16
  9608 | Snake:4  | Killed a nagaraja
  9615 | Snake:4  | Killed a nagaraja
  9664 | Snake:4  | Got a serpentine rune of Zot
  9852 | Shoals:1 | Entered Level 1 of the Shoals
 10110 | Shoals:4 | Entered Level 4 of the Shoals
 10158 | Shoals:4 | Got a translucent granite ring
 10159 | Shoals:4 | Identified the ring of Teasiogi {rPois rF+ rC+ MR- Dex+2}
                  | (You found it on level 4 of the Shoals)
 10246 | Shoals:4 | Got a barnacled rune of Zot
 10441 | Lair:5   | Noticed Rupert
 10453 | Lair:5   | Killed Rupert
 11024 | Lair:6   | Entered Level 6 of the Lair of Beasts
 11204 | Lair:6   | Found a runed translucent door.
 11315 | Lair:6   | Noticed Kirke
 11329 | Lair:6   | Killed Kirke
 11350 | Lair:6   | Reached XP level 16. HP: 154/154 MP: 18/18
 11409 | Lair:6   | Found a staircase to the Slime Pits.
 11433 | Slime:1  | Entered Level 1 of the Pits of Slime
 11434 | Slime:1  | Noticed an acid blob
 11435 | Slime:1  | Gained mutation: You are occasionally teleported next to
                  | monsters. [a shining eye]
 11442 | Slime:1  | Reached skill level 14 in Invocations
 11444 | Slime:1  | Killed an acid blob
 11446 | Slime:1  | Gained mutation: You are frail. (-10% HP) [a shining eye]
 11472 | Slime:3  | Noticed an acid blob
 11474 | Slime:3  | Noticed an acid blob
 11479 | Slime:4  | Gained mutation: You are dopey. (Int -2) [a shining eye]
 11516 | Slime:4  | Lost mutation: You are dopey. (Int -2) [potion of mutation]
 11516 | Slime:4  | Lost mutation: You are frail. (-10% HP) [potion of
                  | mutation]
 11516 | Slime:4  | Gained mutation: Your magical capacity is low. (-10% MP)
                  | [potion of mutation]
 11516 | Slime:4  | Gained mutation: You are weak. (Str -2) [potion of
                  | mutation]
 11516 | Slime:4  | Gained mutation: You are partially covered in icy blue
                  | scales. (AC +2) [potion of mutation]
 11521 | Slime:4  | Noticed an acid blob
 11530 | Slime:4  | Killed an acid blob
 11576 | Slime:4  | Gained mutation: You are dopey. (Int -2) [a shining eye]
 11591 | Slime:5  | Entered Level 5 of the Pits of Slime
 11603 | Slime:5  | Noticed an acid blob
 11617 | Slime:5  | Killed an acid blob
 11655 | Slime:5  | Found a viscous altar of Jiyva.
 11655 | Slime:5  | Noticed an acid blob
 11659 | Slime:5  | Noticed an acid blob
 11659 | Slime:5  | Noticed the Royal Jelly
 11666 | Slime:5  | Noticed an acid blob
 11667 | Slime:5  | Noticed an acid blob
 11673 | Slime:5  | Killed an acid blob
 11679 | Slime:5  | Killed an acid blob
 11695 | Slime:5  | Noticed an acid blob
 11703 | Slime:5  | Killed an acid blob
 11717 | Slime:5  | Paralysed by a floating eye for 3 turns
 11732 | Slime:5  | Noticed an acid blob
 11736 | Slime:5  | Noticed an acid blob
 11740 | Slime:5  | Noticed an acid blob
 11743 | Slime:5  | Killed an acid blob
 11747 | Slime:5  | Killed an acid blob
 11750 | Slime:5  | Noticed an acid blob
 11750 | Slime:5  | Killed an acid blob
 11751 | Slime:5  | Noticed an acid blob
 11752 | Slime:5  | Killed an acid blob
 11752 | Slime:5  | Noticed an acid blob
 11752 | Slime:5  | Noticed an acid blob
 11752 | Slime:5  | Noticed an acid blob
 11753 | Slime:5  | Killed the Royal Jelly
 11753 | Slime:5  | Reached skill level 10 in Evocations
 11753 | Slime:5  | Killed an acid blob
 11753 | Slime:5  | Killed an acid blob
 11753 | Slime:5  | Noticed an acid blob
 11756 | Slime:5  | Killed an acid blob
 11757 | Slime:5  | Killed an acid blob
 11763 | Slime:5  | Killed an acid blob
 11787 | Slime:5  | Got a translucent bronze ring
 11855 | Slime:5  | Got a slimy rune of Zot
 11859 | Slime:5  | Identified Osofrurr's Guide on the Creative Birds
 11881 | Slime:5  | Identified the ring of Jouggan {rF+ MP+9 Stlth+} (You found
                  | it on level 5 of the Pits of Slime)
 11933 | Slime:5  | Killed an acid blob
 11993 | Slime:4  | Gained mutation: You are very weak. (Str -4) [a shining
                  | eye]
 11998 | Slime:4  | Noticed an acid blob
 12005 | Slime:4  | Noticed an acid blob
 12011 | Slime:4  | Killed an acid blob
 12037 | Slime:4  | Killed an acid blob
 12339 | Slime:3  | Killed an acid blob
 12339 | Slime:3  | Reached XP level 17. HP: 133/164 MP: 13/13
 12340 | Slime:3  | Killed an acid blob
 12347 | Slime:3  | Noticed an acid blob
 12652 | D:5      | Bought a potion of mutation for 96 gold pieces
 12652 | D:5      | Bought 2 potions of invisibility for 192 gold pieces
 12652 | D:5      | Bought a potion of heal wounds for 60 gold pieces
 12652 | D:5      | Lost mutation: You are dopey. (Int -2) [potion of mutation]
 12652 | D:5      | Lost mutation: You are partially covered in icy blue
                  | scales. (AC +2) [potion of mutation]
 12652 | D:5      | Gained mutation: Your spells are a little easier to cast,
                  | but a little less powerful. [potion of mutation]
 12652 | D:5      | Lost mutation: You are very weak. (Str -4) [potion of
                  | mutation]
 12996 | D:15     | Entered Level 15 of the Dungeon
 13031 | D:15     | Reached skill level 15 in Invocations
 13289 | D:15     | Reached skill level 1 in Dodging
 13427 | D:15     | Found an ornate altar of the Wu Jian Council.
 13922 | D:15     | Noticed Nessos
 13954 | D:15     | Killed Nessos
 13977 | D:15     | Found a staircase to the Depths.
 14010 | Depths:1 | Entered Level 1 of the Depths
 14086 | Depths:1 | Noticed the Enchantress
 14091 | Depths:1 | Killed the Enchantress
 14262 | Depths:1 | Reached skill level 16 in Invocations
 14478 | Depths:1 | Found a gateway to Hell.
 14572 | Depths:2 | Gained mutation: You passively map a large area around you.
                  | [Deep Dwarf growth]
 14572 | Depths:2 | Reached XP level 18. HP: 132/176 MP: 13/13
 14839 | Depths:2 | Reached skill level 5 in Dodging
 14891 | Depths:2 | Reached skill level 17 in Invocations
 14953 | Depths:2 | Reached skill level 15 in Fighting
 15229 | Depths:3 | Reached skill level 18 in Invocations
 15241 | Depths:3 | Reached XP level 19. HP: 178/179 MP: 14/14
 15355 | Depths:4 | Reached skill level 15 in Armour
 15374 | Depths:5 | Entered Level 5 of the Depths
 15385 | Depths:5 | Noticed a juggernaut
 15407 | Depths:5 | Killed a juggernaut
 15407 | Depths:5 | Reached skill level 15 in Shields
 15565 | Depths:5 | Found a gate to the Realm of Zot.
 15565 | Depths:5 | Noticed a golden dragon
 15581 | Depths:5 | Killed a golden dragon
 15670 | Depths:5 | Reached skill level 19 in Invocations
 15674 | Zot:1    | Entered Level 1 of the Realm of Zot
 15798 | Zot:2    | Found a runed translucent gate.
 15799 | Zot:2    | Noticed p0werm0de's ghost (adept MiFi)
 16032 | Zot:2    | Reached XP level 20. HP: 182/199 MP: 13/13
 16227 | Zot:3    | Reached skill level 20 in Invocations
 16532 | Zot:3    | Noticed a golden dragon
 16545 | Zot:3    | Killed a golden dragon
 16585 | Zot:4    | Noticed a golden dragon
 16639 | Zot:4    | Killed a golden dragon
 16685 | Zot:5    | Entered Level 5 of the Realm of Zot
 16703 | Zot:5    | Noticed a Killer Klown
 16703 | Zot:5    | Noticed a Killer Klown
 16703 | Zot:5    | Noticed a Killer Klown
 16703 | Zot:5    | Noticed an orb of fire
 16703 | Zot:5    | Noticed an ancient lich
 16704 | Zot:5    | Noticed a Killer Klown
 16720 | Zot:5    | Reached skill level 10 in Dodging
 16755 | Zot:5    | Got the Orb of Zot
 16762 | Zot:5    | Reached skill level 21 in Invocations
 16766 | Zot:5    | Killed an ancient lich
 16766 | Zot:5    | Reached XP level 21. HP: 197/210 MP: 11/11
 16785 | Zot:5    | Noticed a Killer Klown
 16785 | Zot:5    | Noticed an ancient lich
 16789 | Zot:5    | Cast into level 3 of the Abyss (Killer Klown)
 16822 | Zot:5    | Escaped the Abyss
 16822 | Zot:5    | Noticed an orb of fire
 16824 | Zot:5    | Gained mutation: Scrolls take you a little longer to read.
                  | [an orb of fire]
 16846 | Zot:4    | Killed a Killer Klown
 16945 | Zot:3    | Slain by an Orb Guardian

Illustrated notes

Levels and vault maps discovered:
D:1:      minmay_arrival_stair_chambers, layout_basic
D:2:      kennysheep_big_flooded_room, layout_basic, fiery_altar_vehumet,
          grunt_temple_overflow_open, okawaru_gym_becter
D:3:      layout_basic, gammafunk_ghost_cemetery, uniq_ijyb
D:4:      layout_loops_cross, nicolae_ru_great_annihilating_truth,
          minmay_temple_entry_large_hall, uniq_grinder
D:5:      layout_basic, serial_shops, shop, bloody_trog
D:6:      layout_rooms, uniq_pikel
D:7:      layout_loops_cross
D:8:      layout_loops_corners, lemuel_altar_in_water
D:9:      minmay_separated_statues, layout_loops_corners
D:10:     lemuel_slime, layout_cave_pools, enter_trove_3
D:11:     layout_roguey, dpeg_lair_monsters, orc_0_dummy
D:12:     mludivico_vault, layout_long_grid, minmay_fractal_squares_gapless_7,
          uniq_frances
D:13:     layout_loops_cross
D:14:     kennysheep_blocky_room, layout_basic, kennysheep_cluttered_room
D:15:     grunt_enter_depths_magical_seal, layout_loops_corners,
          lemuel_doored_altar, st_stairs_7, uniq_nessos
Temple:   dpeg_five_rooms_temple
Lair:1:   layout_misc_corridors, gauntlet_entry_generic,
          nicolae_quartered_pool_medium, serial_bayou_shore_b,
          serial_bayou_shore_b, lemuel_fruit_fields, uniq_sonja
Lair:2:   layout_regular_city, guppyfry_snake_entry_island,
          gammafunk_ghost_hydra_chop, kennysheep_abandoned_house
Lair:3:   layout_chaotic_city, minmay_shoals_entry_centaurs, lemuel_fruit_tree
Lair:4:   layout_roguey, minmay_lair_oklob_bushes, minmay_another_anthill,
          serial_bayou_shore_a
Lair:5:   wad_woods_tower, layout_big_grid, kennysheep_basilisk_garden,
          uniq_rupert
Lair:6:   guppyfry_lair_end_dragon, layout_misc_corridors, wormcave,
          nicolae_slime_entry_slimehenge, nicolae_lair_grove_arrangements,
          uniq_kirke
Shoals:1: layout_shoals, nicolae_shoals_this_corrosion
Shoals:2: nzn_motion_control, layout_shoals, nicolae_shoals_c_island,
          uniq_polyphemus, uniq_nikola
Shoals:3: layout_shoals, nicolae_shoals_undead_eyrie, uniq_bai_suzhen
Shoals:4: shoals_end_simple, layout_shoals
Snake:1:  layout_misc_corridors, serial_bayou_crossing, serial_bayou_shore_b
Snake:2:  layout_misc_corridors, serial_shops, statue_bzr, shop,
          grunt_ministairs_15, uniq_vashnia
Snake:3:  layout_onion, serial_bayou_lake_a, uniq_aizul
Snake:4:  snake_pit, layout_basic, serial_shops, shop, minmay_shoptagon
Slime:1:  layout_caves
Slime:2:  layout_caves
Slime:3:  layout_caves
Slime:4:  layout_caves
Slime:5
Orc:1:    layout_diamond_mine
Orc:2:    grunt_orc_cross, layout_caves, uniq_saint_roka
Depths:1: layout_gridlike, minmay_misc_feat_chi, serial_rivers,
          chequers_serial_rivers_room_a, chequers_serial_rivers_small_3,
          chequers_serial_rivers_large_a, chequers_serial_rivers_room_b,
          chequers_serial_rivers_micro_e, chequers_serial_rivers_micro_a,
          hell_entry, hangedman_decor_push, st_stairs_9,
          hangedman_devilish_allure, uniq_enchantress
Depths:2: minmay_the_grid_octo_tiled_squarecenter_mashed
          [minmay_the_grid_octo_clover_2, minmay_the_grid_octo_thin_diamonds,
          minmay_the_grid_octo_clover, minmay_the_grid_octo_horde,
          minmay_the_grid_square_5x5_megaprize_open,
          minmay_the_grid_square_5x5_six,
          minmay_the_grid_square_5x5_sharp_hourglass,
          minmay_the_grid_square_5x5_pentomino_r, minmay_the_grid_square_5x5_v],
          layout_honeycomb, hangedman_coc_ice_floe, minmay_misc_feat_enclosed,
          chequers_serial_rivers_micro_a, kennysheep_nondecorative_pillar,
          infiniplex_staircase_door_maze
Depths:3: lemuel_river_lethe, hell_entry, serial_shops, pan_entry
Depths:4: constructs_gauntlet_mu_hangedman, layout_gridville,
          pf_hell_entry_tar_river, hangedman_abyss_entry_splay,
          kennysheep_cross_room
Depths:5: grunt_zot_entry_tricorne, layout_long_grid, serial_bayou_lagoon_a,
          hell_entry, st_stairs_4, serial_bayou_ford_a
Zot:1:    layout_cathedral_of_symmetry
Zot:2:    lemuel_acid_trip, layout_cathedral_of_symmetry, gammafunk_ghost_split
Zot:3:    layout_cellular_growth, lemuel_elevator
Zot:4:    kennysheep_six_static_rooms, layout_gridlike
Zot:5:    layout_basic, st_stairs_2, nrook_zot_tub

Skill      XL: |  1  2  3  4  5  6  7  8  9 10 11 12 13 14 15 16 17 18 19 20 |
---------------+-------------------------------------------------------------+-----
Axes           | 3 4 5 6 8 9 11 12 13 14 15 16 17 18 | 18.0
Fighting       | 3 4 5 6 7 8 10 11 12 13 14 15 16 17 | 17.7
Shields        | 4 5 6 7 8 9 10 11 12 13 14 15 | 15.0
Armour         | 4 5 6 7 8 9 10 11 12 13 14 15 16 | 16.6
Invocations    | 2 3 5 6 8 9 11 12 13 14 16 18 19 21 | 21.4
Evocations     | 4 7 8 10 | 10.0
Dodging        | 4 6 8 10 | 10.7

Action                   |  1- 3 |  4- 6 |  7- 9 | 10-12 | 13-15 | 16-18 | 19-21 || total
-------------------------+-------+-------+-------+-------+-------+-------+-------++-------
Melee: War axe           |    53 |   103 |    31 |       |       |       |       ||   187
       Broad axe         |       |       |   217 |   483 |   903 |  1247 |   856 ||  3706
Throw: Throwing net      |       |       |       |       |       |     1 |       ||     1
Invok: Lesser Servant of |       |       |       |     9 |     5 |    11 |       ||    25
       Greater Servant o |       |       |       |     1 |     3 |     1 |     4 ||     9
 Abil: Heal Wounds       |     1 |     2 |     5 |    25 |     5 |    28 |    40 ||   106
Evoke: Wand              |       |       |       |       |     3 |       |     2 ||     5
       Tin of tremorston |       |       |       |       |       |     6 |     3 ||     9
  Use: Scroll            |       |       |    13 |     9 |    13 |    13 |    10 ||    58
       Potion            |       |       |       |       |     3 |     4 |     7 ||    14
 Stab: Distracted        |       |       |       |     5 |     5 |     4 |       ||    14
       Confused          |       |       |       |       |     2 |       |     1 ||     3
       Invisible         |       |       |       |       |       |       |     4 ||     4
       Paralysed         |       |       |       |       |       |       |     7 ||     7
Armor: Scale mail        |    23 |       |       |       |       |       |       ||    23
       Chain mail        |       |    68 |    18 |       |       |       |       ||    86
       Plate armour      |       |       |   166 |   345 |    51 |       |       ||   562
       Storm dragon scal |       |       |       |       |   354 |   516 |   404 ||  1274
Dodge: Dodged            |    23 |    16 |    60 |   119 |   195 |   288 |   262 ||   963
Block: Kite shield       |    26 |    61 |   157 |   318 |   502 |   571 |   461 ||  2096

Table legend: (Time is in decaauts)
 A = Elapsed time spent in this place.
 B = Non-inter-level travel time spent in this place.
 C = Inter-level travel time spent in this place.
 D = Time resting spent in this place.
 E = Time spent auto-exploring this place.
 F = Levels seen in this place.
 G = Mean time per level.
                   A        B        C        D        E       F      G
               +--------+--------+--------+--------+--------+-----+--------+
         Total |  15804 |  13915 |   1889 |    492 |   8515 |  48 |  329.2 |
       Dungeon |   7105 |   6299 |    806 |     25 |   4634 |  15 |  473.7 |
        Temple |    228 |    157 |     71 |      0 |    155 |   1 |  228.0 |
          Lair |   3034 |   2561 |    473 |      0 |   1976 |   6 |  505.7 |
        Shoals |    441 |    362 |     79 |      0 |    115 |   4 |  110.2 |
     Snake Pit |   1115 |    952 |    163 |      0 |    544 |   4 |  278.8 |
    Slime Pits |    809 |    729 |     80 |    261 |      0 |   5 |  161.8 |
  Orcish Mines |    881 |    738 |    143 |     38 |    393 |   2 |  440.5 |
        Depths |   1194 |   1172 |     22 |     56 |    402 |   5 |  238.8 |
           Zot |    961 |    910 |     51 |    112 |    274 |   5 |  192.2 |
         Abyss |     32 |     32 |      0 |      0 |     22 |   1 |   32.0 |
               +--------+--------+--------+--------+--------+-----+--------+

Top non-repeatable levels by time:
  Lair:2: 972 daAuts
     D:9: 938 daAuts
    D:15: 908 daAuts
     D:8: 813 daAuts
    D:11: 770 daAuts
   Orc:2: 739 daAuts
 Snake:4: 691 daAuts
     D:4: 671 daAuts
  Lair:5: 643 daAuts
  Lair:1: 629 daAuts
     D:5: 609 daAuts
    D:10: 600 daAuts
     D:7: 576 daAuts
     D:6: 462 daAuts
Depths:2: 432 daAuts
